 Dungeon Crawl Stone Soup version 0.20.1-1-g8b1a95d (webtiles) character file.

124 pstr the Magician (level 4, -2/21 HPs)
             Began as a Spriggan Earth Elementalist on Jan 4, 2018.
             Slain by Amaterasu's ghost (7 damage)
             ... on level 3 of the Dungeon.
             The game lasted 00:06:07 (2273 turns).

pstr the Magician (Spriggan Earth Elementalist)     Turns: 2273, Time: 00:06:08

Health: -2/21      AC:  2    Str:  4    XL:     4   Next: 81%
Magic:  10/11      EV: 18    Int: 17    God:
Gold:   88         SH:  0    Dex: 16    Spells: 8/12 levels left

rFire    . . .     SeeInvis +   q - +0 long sword
rCold    . . .     Gourm    .   (shield restricted)
rNeg     . . .     Faith    .   c - +0 robe
rPois    .         Spirit   .   (helmet restricted)
rElec    .         Reflect  .   (no cloak)
rCorr    .         Harm     .   (gloves unavailable)
MR       .....                  (boots unavailable)
Stlth    +++.......             (no amulet)
Regen    0.1/turn               (no ring)
MPRegen  0.2/turn               (no ring)

@: very quick
A: unfitting armour, see invisible, herbivore 3, speed 3, slow metabolism 2
a: no special abilities


You were on level 3 of the Dungeon.
You were not hungry.

You visited 1 branch of the dungeon, and saw 3 of its levels.

You collected 88 gold pieces.

Inventory:

Hand Weapons
 a - a +0 club
 g - a +0 club
 h - a +0 short sword
 q - a +0 long sword (weapon)
Missiles
 b - 59 stones (quivered)
 m - 48 arrows
Armour
 c - a +0 robe (worn)
 r - a +0 leather armour
Scrolls
 f - a scroll of teleportation {unknown}
 j - 5 scrolls of identify {unknown}
 l - 3 scrolls of enchant armour {unknown}
 n - a scroll of remove curse {unknown}
 o - 3 scrolls of amnesia {unknown}
 p - a scroll of noise {unknown}
 s - 2 scrolls of enchant weapon {unknown}
 t - a scroll of immolation {unknown}
Potions
 k - a potion of curing
 u - a potion of haste {unknown}
Books
 e - a book of Geomancy

   Spells                             Type                      Level
   a - Sandblast                      Earth                        1
   b - Passwall                       Transmutation/Earth          2
   c - Stone Arrow                    Conjuration/Earth            3
   d - Petrify                        Transmutation/Earth          4
   e - Lee's Rapid Deconstruction     Earth                        5
Comestibles
 d - 4 bread rations


   Skills:
 + Level 3.2 Dodging
 + Level 3.7 Stealth
 + Level 4.9 Spellcasting
   Level 1.3 Transmutations
 + Level 3.6 Earth Magic


You had 8 spell levels left.
You knew the following spells:

 Your Spells              Type           Power        Failure   Level  Hunger
a - Sandblast             Erth           ###...       3%          1    None
b - Stone Arrow           Conj/Erth      ##....       21%         3    ###....


Dungeon Overview and Level Annotations

Branches:
Dungeon (3/15)

Altars:
Dithmenos
Makhleb
Okawaru
Uskayaw
Zin

Annotations:
D:3 Amaterasu's ghost, amateur GrEE


Innate Abilities, Weirdness & Mutations

You are very small and have problems with some larger weapons.
You are too small for most types of armour.
You have supernaturally acute eyesight. (SInv)
You are a herbivore.
You cover ground extremely quickly.
You need consume almost no food.


Message History

The blast of sand hits Amaterasu's ghost.
Amaterasu's ghost is almost destroyed.
b - 60 stones Amaterasu's ghost points at you and mumbles some strange words.
The blast of sand hits you!
* * * LOW HITPOINT WARNING * * *
It was a potion of magic.
Magic courses through your body. Amaterasu's ghost barely misses you.
It was a potion of curing.
You feel better. Amaterasu's ghost hits you.
* * * LOW HITPOINT WARNING * * *
Casting: Sandblast
Confirm with . or Enter, or press ? or * to list all spells.
Aiming: Sandblast
Press: ? - help, Shift-Dir - straight line, f/p - Amaterasu's ghost
Aim: Amaterasu's ghost, wielding a weapon of speed (almost destroyed)
The blast of sand hits Amaterasu's ghost.
Amaterasu's ghost is almost destroyed.
b - 59 stones Amaterasu's ghost hits you!
You die...

#......# #.......# ...
#......###.......###.>..
#.......................
#........#..)....##....
#......#......†.....#
#......#..)..((...###
########.###...#.####
#.# ##.......# ###
.######@####.#####.# #..
.......W<....### #.###.#
.######........# #.....#
###.######..###..###
#...# #........# #...#
###....... #..##
#.####.. ##..# #. #..
#..## .. ##.


You could see Amaterasu's ghost.

Vanquished Creatures
  5 adders
  2 oozes (D:2)
  A worm (D:3)
  4 dart slugs
  A leopard gecko (D:1)
  An orc (D:3)
  6 bats
  4 giant cockroaches
  5 hobgoblins (D:1)
  4 jackals
  5 frilled lizards
  12 goblins
  4 kobolds
  6 rats
60 creatures vanquished.

Notes
Turn   | Place    | Note
-------+----------+-------------------------------------------
     0 | D:1      | pstr the Spriggan Earth Elementalist began the quest for the Orb.
     0 | D:1      | Reached XP level 1. HP: 9/9 MP: 5/5
   202 | D:1      | Reached XP level 2. HP: 13/13 MP: 1/6
   334 | D:1      | Reached skill level 3 in Spellcasting
   951 | D:2      | Reached XP level 3. HP: 16/16 MP: 4/8
  1235 | D:2      | Reached skill level 4 in Spellcasting
  1262 | D:2      | Reached XP level 4. HP: 21/21 MP: 8/11
  1631 | D:2      | Learned a level 3 spell: Stone Arrow
  1925 | D:3      | Found a glowing silver altar of Zin.
  1925 | D:3      | Found a burning altar of Makhleb.
  1938 | D:3      | Found a hide-covered altar of Uskayaw.
  1950 | D:3      | Found a shadowy altar of Dithmenos.
  1950 | D:3      | Found an iron altar of Okawaru.
  2234 | D:3      | Noticed Amaterasu's ghost (amateur GrEE)
  2273 | D:3      | Slain by Amaterasu's ghost

Skill      XL: |  1  2  3 |
---------------+----------+-----
Earth Magic    | 3 |  3.6
Spellcasting   | 3 4 |  4.9
Dodging        | |  3.2
Stealth        | |  3.7
Transmutations | |  1.3

Action                   |  1- 3 |  4- 6 || total
-------------------------+-------+-------++-------
Melee: Long sword        |       |     1 ||     1
 Cast: Sandblast         |    46 |    48 ||    94
  Use: Potion            |       |     2 ||     2
Armor: Robe              |       |     3 ||     3
Dodge: Dodged            |    10 |    10 ||    20
